 Dungeon Crawl Stone Soup version 0.31.0-11-ge490571c62 (webtiles) character file.

Game seed: 9424740274169887672

2033 qw the Skirmisher (level 9, -3/44 HPs)
             Began as a Spriggan Hunter on Feb 3, 2024.
             Was an Initiate of Okawaru.
             Slain by a boulder beetle (14 damage)
             ... on level 6 of the Dungeon.
             The game lasted 00:00:19 (3540 turns).

qw the Skirmisher (Spriggan Hunter)                 Turns: 3540, Time: 00:00:20

Health: -3/44      AC:  5    Str: 15    XL:     9   Next: 3%
Magic:  10/10      EV: 25    Int: 13    God:    Okawaru [......]
Gold:   305        SH:  5    Dex: 23    Spells: 8/8 levels left

rFire   . . .        a - +0 shortbow (flame)
rCold   . . .        (shield currently unavailable)
rNeg    . . .        c - +0 robe
rPois   .            g - +1 hat of the Orb Guardian {rCorr Str+2 Int+3}
rElec   .            j - +1 cloak
rCorr   +            (gloves unavailable)
SInv    +            (boots unavailable)
Will    +....        b - amulet of reflection
Stlth   ++           h - +6 ring of strength
HPRegen 0.27/turn    (no ring)
MPRegen 0.12/turn

%: reflection
@: very quick
A: very small, no large weapons, unfitting armour, see invisible, speed 3
a: Renounce Religion


You were on level 6 of the Dungeon.
You worshipped Okawaru.
Okawaru was noncommittal.
You visited 2 branches of the dungeon, and saw 7 of its levels.

You collected 305 gold pieces.


Innate Abilities, Weirdness & Mutations

You are very small and have problems with some larger weapons.
You are too small for most types of armour.
You have supernaturally acute eyesight. (SInv)
You cover ground extremely quickly. (Speed+++)


   Skills:
 - Level 3.1 Fighting
 - Level 10.1 Ranged Weapons
 + Level 9.0 Dodging
 - Level 1.5 Stealth


You had 8 spell levels left.
You didn't know any spells.
Your spell library was empty.

Inventory:

Hand Weapons
 a - a +0 shortbow of flaming (weapon)
Armour
 c - a +0 robe (worn)
 g - the +1 hat of the Orb Guardian (worn) {rCorr Str+2 Int+3}
   (You acquired it on level 2 of the Dungeon)

   Str+2:     It affects your strength (+2).
   Int+3:     It affects your intelligence (+3).
   rCorr:     It protects you from acid and corrosion.
 j - a +1 cloak (worn)
Jewellery
 b - an amulet of reflection (around neck)
 h - a +6 ring of strength (left hand)
Wands
 e - a wand of flame (15)
 i - a wand of paralysis (6)
Potions
 d - a potion of mutation
 f - a potion of enlightenment
 m - a potion of curing {unknown}
 n - a potion of resistance {unknown}

Dungeon Overview and Level Annotations

Branches:
Dungeon (6/15)             Temple (1/1) D:4

Altars:
Cheibriados
Dithmenos
Elyvilon
Fedhas
Hepliaklqana
Kikubaaqudgha
Makhleb
Nemelex Xobeh
Okawaru
Qazlal
Ru
Uskayaw
Vehumet
Wu Jian
Xom
Zin


Message History

The boulder beetle curls into a ball and begins rolling!
Things that are here:
a +0 scythe; a +0 robe; the human corpse of Sigmund You shoot an arrow.
The arrow hits the boulder beetle but does no damage.
You shoot an arrow. The arrow hits the boulder beetle!
The arrow burns the boulder beetle.
The boulder beetle is lightly wounded.
You shoot an arrow.
The arrow hits the boulder beetle but does no damage.
The boulder beetle is lightly wounded.
The boulder beetle hits you!
The boulder beetle stops rolling and uncurls.
You shoot an arrow.
The arrow hits the boulder beetle but does no damage.
The boulder beetle is lightly wounded.
The boulder beetle bites you!!
You shoot an arrow.
The arrow hits the boulder beetle but does no damage.
The boulder beetle is lightly wounded.
The boulder beetle barely misses you.
You shoot an arrow.
The arrow hits the boulder beetle but does no damage.
The boulder beetle is lightly wounded.
The boulder beetle completely misses you.
You shoot an arrow.
The arrow hits the boulder beetle but does no damage.
The boulder beetle is lightly wounded.
You shoot an arrow. The arrow hits the boulder beetle!
The arrow burns the boulder beetle.
The boulder beetle is moderately wounded.
The boulder beetle completely misses you.
You shoot an arrow.
The arrow hits the boulder beetle but does no damage.
The boulder beetle is moderately wounded.
The boulder beetle misses you.
You shoot an arrow.
The arrow barely misses the boulder beetle.
The boulder beetle bites you!
You die...

#.##.# #.##.#
########.##.#
#........##.#
#.#########.###
###.....### #...#
#.........#####.#
..^..........##.######
#..........#....@.?..#
+.......>..#..#.#B....#
#..........#..#.#.#...#
#........).#..#.#.#
...#
#.......)).#..#.#.# ..#
########...<..#.... .#
#......####. # #.##.#.#
. ....#.#.#


You could see a boulder beetle.

Vanquished Creatures
  A two-headed ogre (D:5)
  Sigmund (D:6)
  Menkaure (D:5)
  A water moccasin (D:4)
  A black bear (D:4)
  An ice beast (D:4)
  An ogre (D:5)
  A phantom (D:4)
  Blork the orc (D:5)
  A scorpion (D:5)
  A vampire bat (D:4)
  A howler monkey (D:5)
  2 jellies
  3 hounds
  A sleepcap (D:4)
  An iguana (D:5)
  3 orc wizards
  6 adders
  3 gnolls (D:4)
  2 dart slugs (D:4)
  3 fire bats (D:4)
  A ribbon worm (D:3)
  11 orcs
  2 spectral bats (D:4)
  18 bats
  3 bat skeletons (D:4)
  A bat zombie (D:4)
  7 endoplasms
  3 giant cockroaches
  9 goblins
  7 hobgoblins
  4 jackals (D:4)
  5 kobolds
  2 quokkas
  4 ball pythons
  A bat simulacrum (D:4)
  2 frilled lizards (D:2)
  6 rats
122 creatures vanquished.

Notes
Turn   | Place    | Note
-------+----------+-------------------------------------------
     0 | D:1      | qw the Spriggan Hunter began the quest for the Orb.
     0 | D:1      | Reached XP level 1. HP: 10/10 MP: 2/2
     0 | D:1      | 0 ||| qw: Version: 0.3-a-157-g843a77d
     0 | D:1      | 0 ||| qw: Game counter: 3794
     0 | D:1      | 0 ||| qw: Melee chars always use a shield: true
     0 | D:1      | 0 ||| qw: God list: Okawaru
     0 | D:1      | 0 ||| qw: Allow faded altars: false
     0 | D:1      | 0 ||| qw: Do Orc after clearing Dungeon:15 true
     0 | D:1      | 0 ||| qw: Do second Lair branch before Depths: true
     0 | D:1      | 0 ||| qw: Lair rune preference: random
     0 | D:1      | 0 ||| qw: Goals: Normal
     0 | D:1      | 0 ||| PLANNING D:1-11
   120 | D:1      | Reached skill level 3 in Dodging
   205 | D:1      | Reached XP level 2. HP: 14/14 MP: 3/3
   443 | D:1      | 443 ||| READING scroll labelled ERO CUSYON.
   443 | D:1      | 443 ||| IDENTIFYING fizzy yellow potion
   444 | D:1      | 444 ||| DROPPING scroll of butterflies.
  1088 | D:2      | Reached XP level 3. HP: 18/18 MP: 4/4
  1561 | D:2      | 1561 ||| UPGRADING to +0 cloak.
  1566 | D:2      | 1566 ||| UPGRADING to amulet of reflection.
  1571 | D:2      | 1571 ||| READING scroll of identify.
  1571 | D:2      | 1571 ||| IDENTIFYING black potion
  1572 | D:2      | 1572 ||| READING scroll labelled DAH EDINEUL.
  1572 | D:2      | Identified a scroll of acquirement
  1572 | D:2      | 1572 ||| ACQUIRING +1 hat of the Orb Guardian {rCorr Str+2
                  | Int+3}
  1572 | D:2      | Acquired the +1 hat of the Orb Guardian {rCorr Str+2 Int+3}
  1574 | D:2      | 1574 ||| UPGRADING to +1 hat of the Orb Guardian {rCorr
                  | Str+2 Int+3}.
  1579 | D:2      | 1579 ||| READING scroll labelled YBOGE WIHUNEMI.
  1579 | D:2      | 1579 ||| BRANDING +0 shortbow.
  1580 | D:2      | 1580 ||| READING scroll labelled EZOMOMMEITZ.
  1581 | D:2      | 1581 ||| DRINKING 2 bubbling puce potions.
  1582 | D:2      | 1582 ||| DROPPING potion of attraction.
  1630 | D:3      | Reached skill level 5 in Ranged Weapons
  1630 | D:3      | Reached XP level 4. HP: 20/22 MP: 5/5
  1787 | D:3      | Reached XP level 5. HP: 26/26 MP: 6/6
  1810 | D:3      | Found a stormy altar of Qazlal.
  1995 | D:3      | 1995 ||| UPGRADING to +6 ring of strength.
  1996 | D:3      | 1996 ||| READING 2 scrolls of identify.
  1996 | D:3      | 1996 ||| IDENTIFYING lumpy puce potion
  1997 | D:3      | 1997 ||| READING scroll of identify.
  1997 | D:3      | 1997 ||| IDENTIFYING smoky pink potion
  1998 | D:3      | 1998 ||| DROPPING potion of berserk rage.
  1999 | D:3      | 1999 ||| DROPPING potion of degeneration.
  2050 | D:4      | Noticed a water moccasin
  2052 | D:4      | 2052 ||| ZAPPING wand of paralysis (12) at 4,6 (water
                  | moccasin; floor).
  2055 | D:4      | 2055 ||| ZAPPING wand of paralysis (11) at 1,2 (water
                  | moccasin; floor).
  2061 | D:4      | 2061 ||| ZAPPING wand of paralysis (10) at 0,1 (water
                  | moccasin; floor).
  2066 | D:4      | Killed a water moccasin
  2067 | D:4      | Reached skill level 6 in Ranged Weapons
  2068 | D:4      | Noticed a phantom
  2069 | D:4      | 2069 ||| ZAPPING wand of paralysis (9) at 7,7 (phantom;
                  | floor).
  2078 | D:4      | Killed a phantom
  2079 | D:4      | Reached XP level 6. HP: 30/30 MP: 7/7
  2084 | D:4      | Reached skill level 6 in Dodging
  2212 | D:4      | Reached skill level 7 in Ranged Weapons
  2253 | D:4      | Reached XP level 7. HP: 33/35 MP: 8/8
  2331 | D:4      | Found a glowing silver altar of Zin.
  2436 | D:4      | 2436 ||| RETREEEEATING.
  2437 | D:4      | 2437 ||| RETREEEEATING.
  2535 | D:4      | Found a staircase to the Ecumenical Temple.
  2536 | D:4      | 2536 ||| PLANNING TEMPLE
  2536 | D:4      | 2536 ||| READING scroll labelled URAOKHL MUUCVEPT.
  2536 | D:4      | 2536 ||| ENCHANTING +0 cloak.
  2543 | Temple   | Entered the Ecumenical Temple
  2544 | Temple   | 2544 ||| PLANNING D:1-11
  2708 | D:4      | 2708 ||| READING scroll labelled NOREG RYHIGH.
  2709 | D:4      | 2709 ||| READING scroll labelled JINYXK FAKO.
  2746 | D:5      | Entered Level 5 of the Dungeon
  2746 | D:5      | Noticed a two-headed ogre
  2747 | D:5      | 2747 ||| ZAPPING wand of quicksilver (8) at 1,-5
                  | (two-headed ogre; floor).
  2748 | D:5      | 2748 ||| ZAPPING wand of quicksilver (7) at 0,-4
                  | (two-headed ogre; floor).
  2749 | D:5      | 2749 ||| ZAPPING wand of quicksilver (6) at 0,-3
                  | (two-headed ogre; floor).
  2750 | D:5      | 2750 ||| STAIRDANCE
  2797 | D:5      | 2797 ||| ZAPPING wand of quicksilver (5) at 1,0 (two-headed
                  | ogre; floor).
  2798 | D:5      | 2798 ||| ZAPPING wand of quicksilver (4) at 1,0 (two-headed
                  | ogre; floor).
  2799 | D:5      | 2799 ||| ZAPPING wand of quicksilver (3) at 1,0 (two-headed
                  | ogre; floor).
  2799 | D:5      | Killed a two-headed ogre
  2800 | D:5      | Reached skill level 9 in Ranged Weapons
  2800 | D:5      | Reached XP level 8. HP: 39/39 MP: 9/9
  2840 | D:5      | 2840 ||| FLEEEEING.
  2841 | D:5      | 2841 ||| FLEEEEING.
  2842 | D:5      | 2842 ||| FLEEEEING.
  2843 | D:5      | 2843 ||| STAIRDANCE
  2899 | D:5      | Noticed Menkaure
  2901 | D:5      | 2901 ||| ZAPPING wand of quicksilver (2) at 5,7 (Menkaure;
                  | floor).
  2901 | D:5      | Killed Menkaure
  2903 | D:5      | Noticed Blork the orc
  2914 | D:5      | Killed Blork the orc
  3001 | D:5      | Reached skill level 3 in Fighting
  3053 | D:5      | Reached skill level 9 in Dodging
  3187 | D:5      | Found an iron altar of Okawaru.
  3188 | D:5      | 3188 ||| PLANNING OKAWARU WORSHIP
  3188 | D:5      | 3188 ||| READING 2 scrolls of identify.
  3188 | D:5      | 3188 ||| IDENTIFYING glowing silvery potion
  3189 | D:5      | 3189 ||| READING scroll of identify.
  3189 | D:5      | 3189 ||| IDENTIFYING clear potion
  3190 | D:5      | 3190 ||| READING scroll labelled UWKESH OMOICKA.
  3291 | D:5      | 3291 ||| DROPPING potion of lignification.
  3292 | D:5      | 3292 ||| DROPPING potion of brilliance.
  3300 | D:5      | Became a worshipper of Warmaster Okawaru
  3301 | D:5      | 3301 ||| PLANNING D:1-11
  3436 | D:5      | 3436 ||| READING scroll labelled FEIVVU XAILL.
  3511 | D:6      | Noticed Sigmund
  3511 | D:6      | Noticed a boulder beetle
  3512 | D:6      | 3512 ||| RETREEEEATING.
  3514 | D:6      | 3514 ||| RETREEEEATING.
  3516 | D:6      | 3516 ||| RETREEEEATING.
  3518 | D:6      | 3518 ||| RETREEEEATING.
  3520 | D:6      | 3520 ||| ZAPPING wand of quicksilver (1) at 3,1 (boulder
                  | beetle; floor).
  3521 | D:6      | 3521 ||| RETREEEEATING.
  3522 | D:6      | 3522 ||| ZAPPING wand of paralysis (8) at 2,3 (boulder
                  | beetle; floor).
  3523 | D:6      | 3523 ||| ZAPPING wand of paralysis (7) at 1,2 (Sigmund;
                  | floor).
  3526 | D:6      | Killed Sigmund
  3527 | D:6      | Reached skill level 10 in Ranged Weapons
  3527 | D:6      | Reached XP level 9. HP: 44/44 MP: 10/10
  3534 | D:6      | HP: 10/44 [boulder beetle (21)]
  3540 | D:6      | Slain by a boulder beetle

Levels and vault maps discovered:
D:1:      heliophobic_arrival_henge, layout_basic
D:2:      layout_basic
D:3:      layout_rooms, nicolae_qazlal_scattered_showers
D:4:      layout_rooms, mainiacjoe_overflow_surrounded_room, temple_green,
          goddamned_bats
D:5:      layout_rooms, okawaru_ov_weapons_minmay, uniq_menkaure,
          uniq_blork_the_orc
D:6:      layout_basic, serial_shops, nicolae_shop_hallway_stairs, uniq_sigmund
Temple:   nicolae_temple_figure_eight

Skill      XL: |  1  2  3  4  5  6  7  8 |
---------------+-------------------------+-----
Dodging        | 3 4 5 6 7 9 |  9.0
Ranged Weapons | 5 6 7 9 10 | 10.1
Fighting       | 2 3 |  3.1
Stealth        | |  1.5

Action                     |  1- 3 |  4- 6 |  7- 9 || total
---------------------------+-------+-------+-------++-------
   Fire: Shortbow          |    67 |   153 |   149 ||   369
  Evoke: Wand              |       |     4 |    10 ||    14
    Use: Scroll            |     5 |     2 |     7 ||    14
         Potion            |     1 |       |       ||     1
 Armour: Robe              |    12 |    20 |    22 ||    54
  Dodge: Dodged            |    29 |    99 |    76 ||   204
  Block: Other             |     5 |    14 |    16 ||    35

Table legend:
 A = Non-vault XP
 B = Vault XP
 C = Vault XP percentage of total XP
 D = Non-vault monster count
 E = Vault monster count
 F = Vault count percentage of total count
                 A         B        C        D         E       F
            +---------+---------+-------+---------+---------+-------
      Total |    2240 |     665 |  22.9 |      99 |      23 |  18.9
            +---------+---------+-------+---------+---------+-------
        D:1 |      21 |       0 |   0.0 |      12 |       0 |   0.0
        D:2 |      40 |       0 |   0.0 |      18 |       0 |   0.0
        D:3 |     145 |       0 |   0.0 |      22 |       0 |   0.0
        D:4 |     680 |     176 |  20.6 |      28 |      20 |  41.7
        D:5 |    1313 |     266 |  16.8 |      16 |       2 |  11.1
        D:6 |      41 |     223 |  84.5 |       3 |       1 |  25.0
            +---------+---------+-------+---------+---------+-------
